 Dungeon Crawl Stone Soup version 0.28.0-49-g6dfe1f597d (webtiles) character file.

Game seed: 1105639112391519703

30 Zeld the Insei (level 3, -1/23 HPs)
             Began as an Octopode Transmuter on May 14, 2022.
             Succumbed to an adder's poison
             ... on level 2 of the Dungeon.
             The game lasted 00:01:30 (1432 turns).

Zeld the Insei (Octopode Transmuter)                Turns: 1432, Time: 00:01:30

Health: -1/23      AC:  2    Str: 11    XL:     3   Next: 20%
Magic:  0/6        EV: 19    Int: 15    God:
Gold:   123        SH:  5    Dex: 17    Spells: 1/7 levels left

rFire   . . .      SeeInvis .     - Unarmed
rCold   . . .      Faith    .   (shield currently unavailable)
rNeg    . . .      Spirit   .   (helmet currently unavailable)
rPois   x          Reflect  +   a - amulet of reflection
rElec   .          Harm     .   (no ring)
rCorr   .          Rampage  .   (no ring)
Will    .....                   (no ring)
Stlth   ++........              (no ring)
HPRegen 0.07/turn               (no ring)
MPRegen 0.10/turn               (no ring)
                                (no ring)
                                (no ring)

@: lethally poisoned (-1 -> -12), spider-form, very slightly contaminated
A: venomous fangs, almost no armour, (amphibious), 8 rings, tiny, (camouflage
1), (gelatinous body 1), (nimble swimmer 1), (tentacles)
a: End Transformation


You were on level 2 of the Dungeon.
You were a venomous arachnid creature.
You visited 1 branch of the dungeon, and saw 2 of its levels.

You collected 123 gold pieces.

Inventory:

Jewellery
 a - an amulet of reflection (around neck)
Scrolls
 d - a scroll of torment {unknown}
 e - 2 scrolls of identify {unknown}
 g - a scroll of noise {unknown}
Potions
 b - a potion of heal wounds {unknown}
 c - a potion of degeneration {unknown}
 f - 2 potions of lignification {unknown}


   Skills:
 - Level 1.0 Fighting
 + Level 2.2 Dodging
 - Level 3.0 Unarmed Combat
 * Level 2.5 Spellcasting
 * Level 2.5 Transmutations
 + Level 0.6 Ice Magic
 + Level 1.0 Poison Magic


You had one spell level left.
You knew the following spells:

 Your Spells              Type           Power      Damage    Failure   Level
a - Beastly Appendage     Tmut           18%        N/A       21%         1
b - Wereblood             Tmut           9%         N/A       26%         2
c - Spider Form           Tmut/Pois      7%         N/A       52%         3

Your spell library contained the following spells:

 Spells                   Type           Power      Damage    Failure   Level
 Ignite Poison            Fire/Tmut/Pois 5%         N/A       58%         3
 Mephitic Cloud           Conj/Pois/Air  2%         N/A       71%         3
 Ice Form                 Ice/Tmut       6%         N/A       88%         4
 Freezing Cloud           Conj/Ice/Air   1%         6-21      100%        5


Dungeon Overview and Level Annotations

Branches:
Dungeon (2/15)

Altars:

Shops:
D:1 :


Innate Abilities, Weirdness & Mutations

You are a venomous arachnid creature.
You have poisonous fangs.
You are tiny and dextrous.
Your spellcasting is less reliable in this form.
Your armour is entirely melded.
You are incapable of wielding weapons or throwing items.
You cannot wear most types of armour.
((You are amphibious.))
You can wear up to eight rings at the same time.
((Your skin changes colour to match your surroundings (Stealth+).))
((Your rubbery body absorbs attacks. (AC +1, EV +1)))
((You are camouflaged when in or above water. (Stealth+)))
((You have tentacles for arms and can constrict up to eight enemies at once.))


Message History

The adder hisses angrily.
You tentacle-slap the endoplasm.
The endoplasm is severely wounded.
The endoplasm freezes you.
You are frozen.
You tentacle-slap the endoplasm.
The endoplasm is almost dead.
The endoplasm closely misses you.
There are monsters nearby!
The endoplasm freezes you.
You are frozen.
An orc comes into view. It is wielding a +0 flail.
Found a stone staircase leading down.
The endoplasm freezes you.
You are frozen.
Your tentacle spike disappears.
You block the endoplasm's attack. The adder bites you.
You see here 16 gold pieces.
You tentacle-slap the endoplasm.
You kill the endoplasm!
The adder bites you. The adder bites you.
* * * LOW HITPOINT WARNING * * *
Casting: Beastly Appendage (safe; 8% risk of failure)
Confirm with . or Enter, or press ? or * to list all spells.
The spell is extremely dangerous to miscast (30% risk of failure)!
Continue anyway?
You miscast Spider Form.
You are very lightly contaminated with residual magic.
Nothing appears to happen.
The adder closely misses you.
Casting: Spider Form (extremely dangerous; 30% risk of failure)
Confirm with . or Enter, or press ? or * to list all spells.
The spell is extremely dangerous to miscast (30% risk of failure)!
Continue anyway?
You turn into a venomous arachnid creature.
The adder closely misses you.
You barely miss the adder. The adder bites you.
* * * LOW HITPOINT WARNING * * *
You are lethally poisoned!
The adder poisons you!
You die...

#......##.. #.#
#######......##.. #.#
#............##.. ###.#
###............##.. ....
.................>. .
###.#####..........##.... .o
#.....# #####......##....
.##.##.....#######......##)...
>.........oS.s...........#....
##.......r#######.......#....
###......# ####.....#...
#......# #.....##+# #.....##
#......#+# #.....# #.........
...## ####### #......... .....
#......... .... #.........


You could see an adder, an orc and a rat.

Vanquished Creatures
  An adder (D:2)
  A worm (D:2)
  A dart slug (D:1)
  3 ball pythons
  3 endoplasms
  A giant cockroach (D:2)
  A goblin (D:1)
  A hobgoblin (D:1)
  3 bats
  A rat (D:2)
16 creatures vanquished.

Notes
Turn   | Place    | Note
-------+----------+-------------------------------------------
     0 | D:1      | Zeld the Octopode Transmuter began the quest for the Orb.
     0 | D:1      | Reached XP level 1. HP: 13/13 MP: 3/3
   369 | D:1      | Found Faun's Book Shop.
   414 | D:1      | Reached XP level 2. HP: 18/18 MP: 3/5
   417 | D:1      | Learned a level 2 spell: Wereblood
   471 | D:1      | Found a faded altar of an unknown god.
  1008 | D:2      | Reached skill level 1 in Poison Magic
  1008 | D:2      | Reached XP level 3. HP: 11/23 MP: 4/6
  1012 | D:2      | Learned a level 3 spell: Spider Form
  1432 | D:2      | Succumbed to an adder's poison

Illustrated notes

Levels and vault maps discovered:
D:1:      mrwooster_arrival_statue_2, layout_loops_ring, serial_shops,
          shop_coins, dilly_ecumenical_altar_fadedgnrine
D:2:      layout_basic, minmay_pentomino_q4

Skill      XL: |  1  2 |
---------------+-------+-----
Poison Magic   | 1 |  1.0
Fighting       | |  1.0
Dodging        | |  2.2
Unarmed Combat | |  3.0
Spellcasting   | |  2.5
Transmutations | |  2.5
Ice Magic      | |  0.6

Action                   || total
-------------------------++-------
Melee: Unarmed           ||    35
       Kick              ||    13
       Constrict         ||     8
       Tentacles         ||     5
       Punch             ||     1
 Cast: Beastly Appendage ||    14
       Spider Form       ||     1
 Stab: Sleeping          ||     3
Armor: Skin              ||     1
Dodge: Dodged            ||    21
Block: Other             ||     9
